 Dungeon Crawl Stone Soup version 0.31-a0-876-gfe8ebadbca (webtiles) character file.

Game seed: 16134095196906794046

16775 ragingrage the Markstengu (level 12, -3/71 HPs)
             Began as a Tengu Hunter on Oct 13, 2023.
             Was an Initiate of Ru.
             Slain by a skeletal warrior
             ... wielding a +0 trident
              (18 damage)
             ... on level 12 of the Dungeon.
             The game lasted 00:15:11 (11046 turns).

ragingrage the Markstengu (Tengu Hunter)           Turns: 11046, Time: 00:15:12

Health: -3/71      AC: 12    Str: 14    XL:     12   Next: 41%
Magic:  0/13       EV: 20    Int: 17    God:    Ru [......]
Gold:   317        SH:  0    Dex: 21    Spells: 11/11 levels left

rFire   . . .        a - +7 triple crossbow of Integrity {chaos, Will+ rCorr Dex-3}
rCold   + . .        (shield currently unavailable)
rNeg    . . .        w - +0 swamp dragon scales
rPois   +            (helmet restricted)
rElec   +            (no cloak)
rCorr   +            C - +2 pair of gloves {Dex+3}
SInv    .            (boots unavailable)
Will    +....        E - amulet of guardian spirit
Stlth   ++           (no ring)
HPRegen 0.31/turn    (no ring)
MPRegen 0.13/turn

%: acrobat, clarity, guardian spirit
@: flying
A: beak, talons 3, evasive flight, acrobatic, thin skeletal structure 1,
clarity, clever 2, cold resistance 1, electricity resistance, strong 1, subdued
magic 1, inability to read after injury 1
a: Renounce Religion


You were on level 12 of the Dungeon.
You worshipped Ru.
Ru was noncommittal.
You visited 2 branches of the dungeon, and saw 14 of its levels.
You also visited: Ossuary.

You collected 719 gold pieces.
You spent 402 gold pieces at shops.

Inventory:

Hand Weapons
 a - the +7 triple crossbow of Integrity (weapon) {chaos, Will+ rCorr Dex-3}
   (Xom gifted it to you on level 3 of the Dungeon)

   Dex-3:     It affects your dexterity (-3).
   Will+:     It increases your willpower.
   rCorr:     It protects you from acid and corrosion.
 b - a +2 dagger of draining
 l - a +1 short sword of speed
Missiles
 e - 56 poisoned darts
 h - 14 curare-tipped darts
 y - 3 throwing nets
Armour
 c - a +0 leather armour
 w - +0 swamp dragon scales (worn)
 C - a +2 pair of gloves of dexterity (worn)
 O - a +0 leather armour of cold resistance
Jewellery
 E - an amulet of guardian spirit (around neck)
 M - a ring of wizardry
 P - a +5 ring of evasion
Wands
 D - a wand of flame (20)
 I - a wand of iceblast (14)
 J - a wand of polymorph (14)
Scrolls
 d - 3 scrolls of vulnerability
 f - a scroll of butterflies
 g - a scroll of fog
 k - 2 scrolls of teleportation
 m - 4 scrolls of fear
 n - 3 scrolls of immolation
 o - a scroll of silence {unknown}
 s - a scroll of brand weapon {unknown}
 v - a scroll of enchant weapon
 x - a scroll of revelation {unknown}
 B - a scroll of amnesia {unknown}
 F - 2 scrolls of poison
 G - 2 scrolls of blinking {unknown}
 Q - a scroll of identify
Potions
 i - 3 potions of heal wounds
 j - a potion of might {unknown}
 r - a potion of ambrosia {unknown}
 t - 4 potions of mutation
 u - 3 potions of haste
 z - 2 potions of attraction {unknown}
 A - 8 potions of curing
 K - a potion of berserk rage {unknown}
 L - a potion of lignification {unknown}
 N - a potion of enlightenment


   Skills:
 + Level 6.7 Fighting
 - Level 6.0 Short Blades
 * Level 17.0 Ranged Weapons
 - Level 5.5 Armour
 + Level 8.6 Dodging
 - Level 1.0 Stealth
 + Level 2.6 Evocations


You had 11 spell levels left.
You didn't know any spells.
Your spell library contained the following spells:

 Spells                   Type           Power      Damage    Failure   Level
 Foxfire                  Conj/Fire      0%         2x1d4     36%         1
 Kiss of Death            Conj/Necr      0%         2d5       36%         1
 Sandblast                Erth           0%         2d4       36%         1
 Sting                    Tmut/Pois      0%         1d3       36%         1
 Summon Small Mammal      Summ           0%         N/A       36%         1
 Lesser Beckoning         Tloc           0%         N/A       52%         2
 Poisonous Vapours        Pois/Air       0%         N/A       52%         2
 Call Canine Familiar     Summ           0%         N/A       77%         3
 Confusing Touch          Hex            0%         N/A       77%         3
 Dazzling Flash           Conj/Hex       0%         N/A       77%         3
 Frozen Ramparts          Ice            0%         1d1       77%         3
 Gell's Gravitas          Tloc           0%         N/A       77%         3
 Hailstorm                Conj/Ice       0%         3d3       77%         3
 Summon Guardian Golem    Hex/Summ       0%         N/A       77%         3
 Teleport Other           Tloc           0%         N/A       77%         3
 Animate Armour           Summ/Erth      0%         N/A       99%         4
 Dispel Undead            Necr           0%         3d6       99%         4
 Olgreb's Toxic Radiance  Pois           0%         N/A       99%         4
 Petrify                  Tmut/Erth      0%         N/A       99%         4
 Summon Ice Beast         Ice/Summ       0%         N/A       99%         4
 Agony                    Necr           0%         N/A       100%        5
 Metabolic Englaciation   Hex/Ice        0%         N/A       100%        5
 Silence                  Hex/Air        0%         N/A       100%        5
 Bombard                  Conj/Erth      0%         9d1       100%        6
 Plasma Beam              Fire/Air       0%         2x1d10    100%        6
 Simulacrum               Ice/Necr       0%         N/A       100%        6
 Starburst                Conj/Fire      0%         6d3       100%        6
 Lehudib's Crystal Spear  Conj/Erth      0%         10d2      100%        8
 Shatter                  Erth           0%         3d5*      100%        9


Dungeon Overview and Level Annotations

Branches:
Dungeon (13/15)            Temple (1/1) D:4            Lair (0/5) D:10
    Orc (0/2) D:10        Ossuary (visited)
 Vaults: D:13-14

Altars:
Ashenzari
Cheibriados
Dithmenos
Elyvilon
Fedhas
Gozag
Hepliaklqana
Kikubaaqudgha
Makhleb
Nemelex Xobeh
Okawaru
Qazlal
Ru
Sif Muna
Trog
Uskayaw
Vehumet
Wu Jian
Xom
Yredelemnul
Zin
The Shining One

Shops:
D:7 :   D:9 *   D:11 !

Annotations:
D:3 Grinder
D:9 3 runed translucent doors, Bosh's ghost, novice HOSh


Innate Abilities, Weirdness & Mutations

You have a beak for a mouth.
You have claws for feet.
Your magical flight helps you evade attacks. (EV +4)
You can magically evade attacks while moving or waiting.
You have a somewhat thin skeletal structure. (Dex +2, Stealth+)
You possess an exceptional clarity of mind.
Your mind is very acute. (Int +8, Str/Dex -2)
Your flesh is cold resistant. (rC+)
You are resistant to electric shocks. (rElec)
Your muscles are strong. (Str +4, Int/Dex -1)
Your spells are a little easier to cast, but a little less powerful.
You occasionally lose the ability to read scrolls when taking damage.


Message History

You shoot a bolt. The bolt hits the skeletal warrior!
The skeletal warrior convulses!
The skeletal warrior closely misses you.
Fire: a) +7 triple crossbow of Integrity {chaos, Will+ rCorr Dex-3}
Press: ? - help, Q - select action, (/) - cycle Shift-Dir - straight line, f/p - skeletal warrior
Aim: a skeletal warrior, wielding a +0 mace (severely damaged, 74% to hit)
You shoot a bolt. The bolt hits the skeletal warrior!!
The bolt burns the skeletal warrior.
You destroy the skeletal warrior!
The skeletal warrior hits you with a +0 mace!
The skeletal warrior hits you from afar with a +0 trident.
Fire: a) +7 triple crossbow of Integrity {chaos, Will+ rCorr Dex-3}
Press: ? - help, Q - select action, (/) - cycle Shift-Dir - straight line, f/p - skeletal warrior
Aim: a skeletal warrior, wielding a +0 mace (severely damaged, 74% to hit)
You shoot a bolt. The bolt hits the skeletal warrior!
Lightning courses through the skeletal warrior!
You destroy the skeletal warrior!
The skeletal warrior completely misses you.
Your Ranged Weapons skill increases to level 17!
Fire: a) +7 triple crossbow of Integrity {chaos, Will+ rCorr Dex-3}
Press: ? - help, Q - select action, (/) - cycle Shift-Dir - straight line, f - skeletal warrior
Aim: a skeletal warrior, wielding a +0 trident (74% to hit)
You shoot a bolt. The bolt hits the skeletal warrior!
The skeletal warrior convulses!!
The skeletal warrior hits you from afar with a +0 trident!
The skeletal warrior closely misses you.
Fire: a) +7 triple crossbow of Integrity {chaos, Will+ rCorr Dex-3}
Press: ? - help, Q - select action, (/) - cycle Shift-Dir - straight line, f/p - skeletal warrior
Aim: a skeletal warrior, wielding a +0 trident (heavily damaged, 74% to hit)
You shoot a bolt. The bolt hits the skeletal warrior.
The bolt burns the skeletal warrior.
The skeletal warrior hits you from afar with a +0 trident!
* * * LOW HITPOINT WARNING * * *
Fire: a) +7 triple crossbow of Integrity {chaos, Will+ rCorr Dex-3}
Press: ? - help, Q - select action, (/) - cycle Shift-Dir - straight line, f/p - skeletal warrior
Aim: a skeletal warrior, wielding a +0 trident (severely damaged, 74% to hit)
You shoot a bolt.
The bolt closely misses the skeletal warrior.
The skeletal warrior hits you from afar with a +0 trident!!
You die...

#.#
#........†.............
#.#
#.........###.......###
#.# ####.#....#
#.......### #.#
#.#....# #<.........
#.# #.#....#
##......... #.#
#.#....# #...)..[..
##.########.#....#
#.........
#...........#....#
#.........
#############@####
######.... #)# #....
#z# #.... #.# #.... #'#
##### ... ..... .......
#........


You could see a skeletal warrior.

Vanquished Creatures
  A boulder beetle (D:12)
  5 two-headed ogres
  3 skeletal warriors (D:12)
  An orb spider (shapeshifter) (D:4)
  A manticore (D:12)
  An ugly thing (D:12)
  An unseen horror (D:10)
  A gargoyle (D:11)
  4 kobold demonologists
  Maggie (D:9)
  A troll (D:10)
  3 wyverns
  9 yaks
  3 vampires
  Eustachio (D:5)
  A steam dragon (D:6)
  A wraith (D:10)
  3 vampire mosquitoes (D:11)
  2 wargs
  2 water moccasins
  3 orc warriors (D:10)
  2 ice beasts
  3 sky beasts
  3 ogres
  5 centaurs
  3 elf zombies (Ossuary)
  8 kobold brigands
  A bullfrog (D:7)
  4 gnoll sergeants
  2 scorpions
  5 wights (D:7)
  8 killer bees
  5 howler monkeys
  9 electric eels (D:11)
  A centaur zombie (Ossuary)
  3 hounds (D:5)
  A human zombie (Ossuary)
  6 orc priests
  A sleepcap (D:5)
  12 orc wizards
  Natasha (thrice) (D:3)
  3 iguanas
  3 mummies
  13 gnolls
  11 adders
  A white imp (D:7)
  2 ufetubi
  An adder zombie (Ossuary)
  3 worms
  3 dart slugs
  44 orcs
  7 ball pythons
  6 endoplasms
  A giant cockroach (D:2)
  11 goblins
  3 hobgoblins
  A quokka (D:2)
  9 bats
  5 frilled lizards
  11 hobgoblin zombies (Ossuary)
  3 jackal zombies (Ossuary)
  14 kobolds
  9 kobold zombies
  5 orc zombies
  8 rats
310 creatures vanquished.

Vanquished Creatures (collateral kills)
  A centaur (D:6)
  A human zombie (Ossuary)
  An orc (D:10)
  A hobgoblin zombie (Ossuary)
  2 orc zombies (Ossuary)
6 creatures vanquished.

Vanquished Creatures (others)
  A jackal zombie (Ossuary)
  An orc zombie (D:4)
2 creatures vanquished.

Grand Total: 318 creatures vanquished

Notes
Turn   | Place    | Note
-------+----------+-------------------------------------------
     0 | D:1      | ragingrage the Tengu Hunter began the quest for the Orb.
     0 | D:1      | Reached XP level 1. HP: 12/12 MP: 2/2
    57 | D:1      | Reached XP level 2. HP: 17/17 MP: 3/3
    87 | D:1      | Reached skill level 5 in Ranged Weapons
   295 | D:1      | Reached skill level 1 in Short Blades
   724 | D:1      | Found a faded altar of an unknown god.
   905 | D:1      | Prayed at the altar of an unknown god.
   905 | D:1      | Became a worshipper of Xom of Chaos
   947 | D:2      | Reached XP level 3. HP: 21/21 MP: 4/4
  1164 | D:2      | XOM: divination: detect items
  1490 | D:2      | XOM: give mutations
  1490 | D:2      | Gained mutation: Armour fits poorly on your strangely
                  | shaped body. [Xom's mischief]
  1490 | D:2      | Gained mutation: Your flesh is cold resistant. (rC+) [Xom's
                  | mischief]
  1560 | D:3      | Noticed Grinder
  1721 | D:3      | Reached XP level 4. HP: 22/26 MP: 5/5
  1756 | D:3      | XOM: swap monsters
  1789 | D:3      | Found a glowing golden altar of the Shining One.
  1875 | D:3      | XOM: summons 1 hostile shadow creature
  1936 | D:2      | XOM: cloud trail
  1961 | D:2      | XOM: give mutations
  1961 | D:2      | Gained mutation: You occasionally lose the ability to read
                  | scrolls when taking damage. [Xom's mischief]
  1961 | D:2      | Gained mutation: Your spells are a little easier to cast,
                  | but a little less powerful. [Xom's mischief]
  2020 | D:3      | Noticed Natasha
  2022 | D:3      | Killed Natasha
  2053 | D:3      | Identified the +7 triple crossbow of Integrity {flame,
                  | Will+ rCorr Dex-3} (Xom gifted it to you on level 3 of the
                  | Dungeon)
  2053 | D:3      | XOM: god gift: +7 triple crossbow of Integrity {chaos,
                  | Will+ rCorr Dex-3}
  2099 | D:3      | Noticed Natasha
  2151 | D:3      | Killed Natasha
  2152 | D:3      | Reached XP level 5. HP: 30/30 MP: 6/6
  2216 | D:3      | Noticed Natasha
  2220 | D:3      | Killed Natasha
  2439 | D:3      | Identified Xom's Encyclopedia of Tumult (Xom gifted it to
                  | you on level 3 of the Dungeon)
  2439 | D:3      | XOM: god gift: Xom's Encyclopedia of Tumult
  2498 | D:2      | XOM: scenery: summon butterflies
  2509 | D:2      | XOM: divination: magic mapping
  2838 | D:4      | Reached XP level 6. HP: 35/35 MP: 7/7
  2846 | D:4      | Reached skill level 5 in Short Blades
  2924 | D:3      | XOM: god gift: 45 gold pieces
  2970 | D:4      | XOM: give mutations
  2970 | D:4      | Gained mutation: You have sharp fingernails. [Xom's grace]
  2970 | D:4      | Gained mutation: You are resistant to electric shocks.
                  | (rElec) [Xom's grace]
  2970 | D:4      | Gained mutation: You have a somewhat thin skeletal
                  | structure. (Dex +2, Stealth+) [Xom's grace]
  2970 | D:4      | Gained mutation: Your mind is acute. (Int +4, Str/Dex -1)
                  | [Xom's grace]
  3088 | D:4      | Reached skill level 6 in Ranged Weapons
  3161 | D:4      | a scorpion changed into a glowing shapeshifter
  3161 | D:4      | Noticed a glowing shapeshifter (glowing shapeshifter)
  3161 | D:4      | a glowing shapeshifter changed into a floating eye
  3161 | D:4      | Noticed a floating eye (glowing shapeshifter)
  3162 | D:4      | a floating eye changed into an orb spider
  3162 | D:4      | Noticed an orb spider (glowing shapeshifter)
  3164 | D:4      | Killed an orb spider
  3165 | D:4      | Reached skill level 8 in Ranged Weapons
  3165 | D:4      | Gained mutation: Your magical flight helps you evade
                  | attacks. (EV +4) [Tengu growth]
  3165 | D:4      | Reached XP level 7. HP: 40/40 MP: 8/8
  3191 | D:4      | Reached XP level 8. HP: 44/44 MP: 9/9
  3202 | D:4      | Found a staircase to the Ecumenical Temple.
  3211 | Temple   | Entered the Ecumenical Temple
  3439 | D:4      | XOM: 1-stop teleportation journey
  3660 | D:4      | XOM: torment (23/44 hp)
  3843 | D:5      | Entered Level 5 of the Dungeon
  3860 | D:5      | Reached skill level 9 in Ranged Weapons
  3869 | D:5      | XOM: give mutations
  3869 | D:5      | Gained mutation: You possess an exceptional clarity of
                  | mind. [Xom's grace]
  3869 | D:5      | Gained mutation: Your muscles are strong. (Str +4, Int/Dex
                  | -1) [Xom's grace]
  4075 | D:5      | Noticed Eustachio
  4078 | D:5      | Killed Eustachio
  4231 | D:5      | Reached skill level 10 in Ranged Weapons
  4322 | D:5      | XOM: scenery: summon butterflies
  4549 | D:6      | XOM: cast spell 'Summon Hydra'
  4552 | D:6      | Reached skill level 11 in Ranged Weapons
  4554 | D:6      | Found a blossoming altar of Fedhas.
  4563 | D:6      | Reached XP level 9. HP: 20/48 MP: 5/10
  4719 | D:6      | XOM: enchant monster (good)
  4857 | D:6      | XOM: 1-stop teleportation journey
  5061 | D:6      | XOM: god gift: scroll labelled ZEZIGH KIOQ {god gift}
  5374 | D:7      | XOM: divination: detect creatures
  5383 | D:7      | Found Nuebir's Book Emporium.
  5507 | D:7      | Found a sand-covered staircase.
  5533 | Ossuary  | Entered an ossuary
  5633 | Ossuary  | Reached skill level 12 in Ranged Weapons
  5637 | Ossuary  | XOM: destruction
  5654 | Ossuary  | XOM: summons 9 friendly demons
  5849 | D:7      | Reached skill level 5 in Dodging
  6054 | D:7      | XOM: give mutations
  6054 | D:7      | Gained mutation: Your system is resistant to poisons.
                  | (rPois) [Xom's mischief]
  6054 | D:7      | Lost mutation: Armour fits poorly on your strangely shaped
                  | body. [Xom's mischief]
  6054 | D:7      | Lost mutation: You have sharp fingernails. [Xom's mischief]
  6439 | D:8      | Reached skill level 5 in Fighting
  6439 | D:8      | Reached XP level 10. HP: 59/59 MP: 11/11
  6568 | D:8      | XOM: stat loss: -1 Dex (18/19)
  6832 | D:8      | Found a hide-covered altar of Uskayaw.
  7064 | D:9      | XOM: silly message
  7231 | D:9      | Found Ifeshu Yjea's CLEARANCE SALE!.
  7239 | D:9      | Bought a +2 pair of gloves of dexterity for 107 gold pieces
  7239 | D:9      | Bought a potion of heal wounds for 25 gold pieces
  7275 | D:9      | XOM: 7-stop teleportation journey
  7398 | D:9      | Reached skill level 13 in Ranged Weapons
  7509 | D:9      | Noticed Maggie
  7513 | D:9      | XOM: enchant monster (good)
  7522 | D:9      | Killed Maggie
  7647 | D:9      | Found a runed translucent gate.
  7670 | D:9      | Found a runed translucent gate.
  7672 | D:9      | Found a runed translucent gate.
  7672 | D:9      | Noticed Bosh's ghost (novice HOSh)
  7717 | D:10     | Entered Level 10 of the Dungeon
  7737 | D:10     | Noticed a two-headed ogre
  7740 | D:10     | HP: 2/60 [two-headed ogre/+0 giant club (31)]
  7741 | D:10     | Killed a two-headed ogre
  7869 | D:10     | XOM: god gift: wand of polymorph (6)
  7888 | D:10     | XOM: god gift: scroll of vulnerability
  7995 | D:10     | Found a staircase to the Orcish Mines.
  8000 | D:10     | XOM: summons 2 friendly demons
  8014 | D:10     | Reached skill level 14 in Ranged Weapons
  8020 | D:10     | Reached XP level 11. HP: 37/64 MP: 7/12
  8185 | D:10     | Found a staircase to the Lair.
  8213 | D:9      | Reached skill level 1 in Armour
  8398 | D:10     | XOM: divination: magic mapping
  8409 | D:10     | Reached skill level 15 in Ranged Weapons
  8427 | D:10     | XOM: silly message
  8469 | D:10     | Noticed a two-headed ogre
  8472 | D:10     | Killed a two-headed ogre
  8632 | D:10     | XOM: noise
  8975 | D:11     | XOM: silly message
  8977 | D:11     | Noticed a two-headed ogre
  8982 | D:11     | Killed a two-headed ogre
  9201 | D:11     | XOM: fog
  9273 | D:11     | Noticed a two-headed ogre
  9275 | D:11     | Killed a two-headed ogre
  9362 | D:11     | Reached skill level 16 in Ranged Weapons
  9382 | D:11     | XOM: silly message
  9586 | D:11     | XOM: 1-stop teleportation journey
  9619 | D:11     | Found Keumeomaxi's Distillery.
  9624 | D:11     | Reached skill level 5 in Armour
  9631 | D:11     | Bought a potion of heal wounds for 75 gold pieces
  9631 | D:11     | Bought a potion of enlightenment for 75 gold pieces
  9631 | D:11     | Bought a potion of mutation for 120 gold pieces
  9833 | D:4      | XOM: stat loss: -1 Int (11/12)
  9875 | Temple   | Fell from the grace of Xom
  9875 | Temple   | Became a worshipper of Ru the Awakened
 10466 | D:12     | Noticed a red ugly thing
 10467 | D:12     | Noticed a skeletal warrior
 10473 | D:12     | XOM: enchant monster (good)
 10510 | D:12     | Killed a skeletal warrior
 10530 | D:12     | XOM: give mutations
 10530 | D:12     | Gained mutation: Your mind is very acute. (Int +8, Str/Dex
                  | -2) [Xom's mischief]
 10530 | D:12     | Lost mutation: Your system is resistant to poisons. (rPois)
                  | [Xom's mischief]
 10541 | D:12     | Killed a red ugly thing
 10542 | D:12     | Reached XP level 12. HP: 32/70 MP: 13/13
 10697 | D:12     | Noticed a two-headed ogre
 10714 | D:12     | Killed a two-headed ogre
 10747 | D:12     | Reached skill level 1 in Evocations
 10768 | D:12     | Noticed a sun demon
 10781 | D:12     | Noticed a soul eater
 10785 | D:13     | Noticed a centaur warrior
 10907 | D:12     | Noticed a boulder beetle
 10912 | D:12     | Killed a boulder beetle
 11044 | D:12     | Reached skill level 17 in Ranged Weapons
 11046 | D:12     | Slain by a skeletal warrior

Illustrated notes

Levels and vault maps discovered:
D:1:      roderic_octagonal_star, layout_basic, ebering_ecumenical_altar_hall,
          serial_bayou_pond_d
D:2:      layout_loops_ring, fountainhead
D:3:      layout_loops_cross, mainiacjoe_overflow_catwalk, uniq_natasha,
          uniq_grinder
D:4:      layout_layer_cave, temple_hall
D:5:      layout_basic, uniq_eustachio
D:6:      layout_basic, old_standard_altar, hangedman_abyss_or_decor_slice
D:7:      layout_basic, serial_shops, nicolae_shop_tiny_waterfront,
          nicolae_ossuary_entry_giza
D:8:      layout_loops_ring, mainiacjoe_overflow_alcove_4,
          dreamdust_princess_corridor
D:9:      layout_basic, biasface_ghost_orc_armoury, nicolae_shop_clearance,
          uniq_maggie
D:10:     layout_long_grid, erik_lair_orcish_takeover,
          kennysheep_orc_monster_closet_entryway, kennysheep_generic_room_11
D:11:     layout_basic, serial_shops, nicolae_shop_waterfront,
          serial_bayou_lagoon_b
D:12:     layout_basic
D:13:     layout_loops_ring, erik_vaults_2, drop_trap, st_stairs_5
Temple:   hellmonk_temple_of_storms

Skill      XL: |  1  2  3  4  5  6  7  8  9 10 11 12 |
---------------+-------------------------------------+-----
Ranged Weapons | 5 8 11 12 14 16 17 | 17.0
Short Blades   | 1 3 4 6 |  6.0
Dodging        | 5 8 |  8.6
Fighting       | 5 6 |  6.7
Armour         | 5 |  5.5
Evocations     | 2 |  2.6
Stealth        | |  1.0

Action                     |  1- 3 |  4- 6 |  7- 9 | 10-12 || total
---------------------------+-------+-------+-------+-------++-------
  Melee: Short sword       |    18 |       |       |       ||    18
         Dagger            |    47 |    44 |    16 |    11 ||   118
         Kick              |     7 |    11 |     3 |     6 ||    27
         Peck              |     7 |     5 |     3 |     3 ||    18
   Fire: Shortbow          |    26 |       |       |       ||    26
         Triple crossbow   |       |    36 |   174 |   286 ||   496
  Throw: Throwing net      |       |       |       |     1 ||     1
         Dart              |       |       |       |     2 ||     2
    Use: Scroll            |       |       |     8 |     2 ||    10
         Potion            |       |       |       |     2 ||     2
   Stab: Sleeping          |       |     2 |       |       ||     2
         Distracted        |       |     1 |       |       ||     1
 Armour: Leather armour    |    25 |    21 |    18 |    15 ||    79
         Swamp dragon scal |       |       |       |   101 ||   101
  Dodge: Dodged            |    44 |    36 |    38 |   198 ||   316

Table legend: (Time is in decaauts)
 A = Elapsed time spent in this place.
 B = Non-inter-level travel time spent in this place.
 C = Inter-level travel time spent in this place.
 D = Time resting spent in this place.
 E = Time spent auto-exploring this place.
 F = Levels seen in this place.
 G = Mean time per level.
                   A        B        C        D        E       F      G
               +--------+--------+--------+--------+--------+-----+--------+
         Total |  11358 |  10483 |    875 |   1539 |   6903 |  15 |  757.2 |
       Dungeon |  11001 |  10162 |    839 |   1535 |   6775 |  13 |  846.2 |
        Temple |     45 |      9 |     36 |      0 |      0 |   1 |   45.0 |
       Ossuary |    311 |    311 |      0 |      4 |    128 |   1 |  311.0 |
               +--------+--------+--------+--------+--------+-----+--------+

Top non-repeatable levels by time:
    D:10: 1242 daAuts
     D:3: 1150 daAuts
     D:4: 1123 daAuts
     D:9: 995 daAuts
    D:11: 982 daAuts
     D:7: 960 daAuts
     D:1: 925 daAuts
     D:5: 800 daAuts
     D:2: 753 daAuts
     D:6: 696 daAuts
     D:8: 666 daAuts
    D:12: 662 daAuts
 Ossuary: 311 daAuts
  Temple: 45 daAuts
    D:13: 41 daAuts
